 Dungeon Crawl Stone Soup version 0.21.1-1-g345015fe64 (webtiles) character file.

82 Henning the Shield-Bearer (level 4, -1/41 HPs)
             Began as a Minotaur Fighter on June 12, 2018.
             Slain by Lentor's ghost (6 damage)
             ... on level 3 of the Dungeon.
             The game lasted 00:09:09 (2746 turns).

Henning the Shield-Bearer (Minotaur Fighter)        Turns: 2746, Time: 00:09:10

Health: -1/41      AC:  8    Str: 21    XL:     4   Next: 21%
Magic:  3/3        EV:  7    Int:  5    God:
Gold:   127        SH:  9    Dex: 10    Spells: 3/3 levels left

rFire    . . .     SeeInvis .   a - +0 war axe
rCold    . . .     Gourm    .   c - +0 shield
rNeg     . . .     Faith    .   b - +0 scale mail
rPois    .         Spirit   .   (helmet restricted)
rElec    .         Reflect  .   (no cloak)
rCorr    .         Harm     .   g - +0 pair of gloves
MR       .....                  (no boots)
Stlth    ..........             (no amulet)
HPRegen  0.13/turn              (no ring)
MPRegen  0.08/turn              (no ring)

@: no status effects
A: retaliatory headbutt, horns 2
a: no special abilities


You were on level 3 of the Dungeon.
You were not hungry.

You visited 1 branch of the dungeon, and saw 3 of its levels.

You collected 127 gold pieces.

Inventory:

Hand Weapons
 a - a +0 war axe (weapon)
Armour
 b - a +0 scale mail (worn)
 c - a +0 shield (worn)
 g - a +0 pair of gloves (worn)
Jewellery
 q - an uncursed ring of ice {unknown}
Scrolls
 h - 2 scrolls of noise {unknown}
 j - a scroll of enchant armour {unknown}
 l - 2 scrolls of immolation {unknown}
 m - 3 scrolls of identify {unknown}
Potions
 d - a potion of might
 e - a potion of curing {unknown}
 i - 2 potions of resistance {unknown}
 k - a potion of mutation {unknown}
 n - 3 potions of heal wounds {unknown}
 o - a potion of cancellation {unknown}
Comestibles
 f - 4 rations
 p - 5 chunks of flesh


   Skills:
 + Level 4.3 Fighting
 + Level 3.2 Axes
 + Level 4.4 Armour
 + Level 0.5 Dodging
 + Level 4.4 Shields


You had 3 spell levels left.
You didn't know any spells.

Dungeon Overview and Level Annotations

Branches:
Dungeon (3/15)

Altars:
Zin

Annotations:
D:3 Lentor's ghost, amateur MiBe


Innate Abilities, Weirdness & Mutations

You reflexively headbutt those who attack you in melee.
You have a pair of horns on your head.


Message History

You hit Lentor's ghost but do no damage.
Your headbutt misses Lentor's ghost.
Lentor's ghost is heavily damaged.
Lentor's ghost hits you.
You hit Lentor's ghost. Your headbutt misses Lentor's ghost.
Lentor's ghost is severely damaged.
You block Lentor's ghost's attack.
You hit Lentor's ghost.
Lentor's ghost is severely damaged.
You block Lentor's ghost's attack. Lentor's ghost hits you.
Your scale mail prevents you from hitting Lentor's ghost.
Lentor's ghost is severely damaged.
Lentor's ghost hits you!
You closely miss Lentor's ghost.
Lentor's ghost is severely damaged.
Lentor's ghost hits you!
* * * LOW HITPOINT WARNING * * *
Lentor's ghost hits you but does no damage.
Lentor's ghost hits you.
You die...

...........## #.#...######...##
.......##..##########.#......###
...........##....###....#########
##....###........................
##......##.......##..##.#########
#..####........##...###..######..
#.########.###....###...........#
..##............).....###.#######
#....####..##..W@.##### #.#
..#### ##.....#......# #.### ###
#..######.....# #...## # #.##
#.....# ###..#### ## ##....#
##..##. #.)..# #.##.. #....#
#.#... ##### #.#... #.#..<


You could see Lentor's ghost.

Vanquished Creatures
  3 oozes
  2 worms (D:3)
  4 dart slugs
  A leopard gecko (D:3)
  3 giant cockroaches (D:2)
  6 goblins
  7 hobgoblins
  5 jackals (D:1)
  3 kobolds (D:1)
  3 quokkas
  5 bats
  4 frilled lizards (D:3)
  7 rats
53 creatures vanquished.

Notes
Turn   | Place    | Note
-------+----------+-------------------------------------------
     0 | D:1      | Henning the Minotaur Fighter began the quest for the Orb.
     0 | D:1      | Reached XP level 1. HP: 19/19 MP: 0/0
   129 | D:1      | Reached XP level 2. HP: 22/27 MP: 1/1
   421 | D:1      | Reached XP level 3. HP: 28/33 MP: 2/2
  1007 | D:2      | Found a glowing silver altar of Zin.
  1751 | D:3      | Noticed Lentor's ghost (amateur MiBe)
  2490 | D:3      | Reached XP level 4. HP: 39/40 MP: 3/3
  2746 | D:3      | Slain by Lentor's ghost

Skill      XL: |  1  2  3 |
---------------+----------+-----
Fighting       | 4 |  4.3
Shields        | 4 |  4.4
Armour         | 4 |  4.4
Axes           | 3 |  3.2
Dodging        | |  0.5

Action                   |  1- 3 |  4- 6 || total
-------------------------+-------+-------++-------
Melee: War axe           |   115 |    24 ||   139
       Headbutt          |    15 |     4 ||    19
  Eat: Chunk             |     5 |     1 ||     6
Armor: Scale mail        |    47 |     8 ||    55
Dodge: Dodged            |    24 |     6 ||    30
Block: Shield            |    56 |    14 ||    70
